[Event "Titled Tuesday Blitz January 10 Early 2023"]
[White "Krysa, Leandro"]
[Black "Rangel, Daniel"]
[WhiteFideId "116807"]
[BlackFideId "2124475"]
[WhiteElo "2541"]
[BlackElo "2207"]
[Result "1-0"]
[Round "07"]
[TimeControl "180+2"]
[Date "2023.01.10"]
[WhiteClock "0:00:05"]
[BlackClock "0:00:01"]

1. e4 c5 2. Nf3 g6 3. d4 cxd4 4. Nxd4 Bg7 5. c4 Nc6 6. Be3 Nf6 7. Nc3 O-O 8. Be2 Nxd4 9. Bxd4 d6 10. O-O Bd7 11. h3 Bc6 12. Qc2 Nd7 13. Bxg7 Kxg7 14. Rad1 Qc7 15. b4 b6 16. a3 a5 17. Qb2 Kg8 18. Rfe1 axb4 19. axb4 Nf6 20. Bf1 Ra7 21. Nd5 Bxd5 22. cxd5 Rfa8 23. Rc1 Qd7 24. Rc6 e5 25. Rxb6 Ra2 26. Qc3 Qa7 27. Rc6 Qxf2+ 28. Kh1 Nh5 29. Rc8+ Rxc8 30. Qxc8+ Kg7 31. Qc4 Ng3+ 32. Kh2 Qf4 33. Kg1 Qf2+ 34. Kh2 Qxe1 35. Qxa2 Nxf1+ 36. Kg1 Nd2+ 37. Kh2 Qf2 38. Qa3 Nf1+ 39. Kh1 Ng3+ 40. Kh2 Nxe4 41. b5 Qf4+ 42. Kh1 Nc5 43. b6 Qf1+ 44. Kh2 Qb5 45. Qa7 Qb2 46. Qc7 Na4 47. b7 Qf2 48. b8=Q Qf4+ 49. Kg1 Qe3+ 50. Kf1 Qd3+ 51. Ke1 Qe3+ 52. Kd1 Nc3+ 53. Kc2 Nxd5 54. Qc4 Qf2+ 55. Kb3 Ne3 56. Qd3 Nxg2 57. Qbxd6 Qe1 58. Qc3 Qb1+ 59. Ka3 1-0


[Site "https://www.chess.com"]

[Event "Titled Tuesday Blitz January 10 Early 2023"]
[White "Sadubayev, Airat"]
[Black "Bagwe Gaurang"]
[WhiteFideId "13713264"]
[BlackFideId "45039895"]
[WhiteElo "2320"]
[BlackElo "2067"]
[Result "1/2-1/2"]
[Round "07"]
[TimeControl "180+2"]
[Date "2023.01.10"]
[WhiteClock "0:00:03"]
[BlackClock "0:00:09"]

1. d4 d5 2. c4 c6 3. Nc3 e6 4. Nf3 Nf6 5. e3 Nbd7 6. Qc2 Bd6 7. b3 O-O 8. Be2 b6 9. O-O Bb7 10. Bb2 c5 11. cxd5 exd5 12. Rad1 Rc8 13. Qb1 Qe7 14. Rfe1 Rfd8 15. Bf1 Nf8 16. g3 Ne4 17. dxc5 Bxc5 18. Nb5 Bb4 19. Re2 Ba6 20. Rc2 Ne6 21. a3 Bxb5 22. axb4 Bxf1 23. Rxf1 Qxb4 24. Rfc1 Rxc2 25. Qxc2 h5 26. Ne5 Rf8 27. Ra1 Ra8 28. Nc6 Qd2 29. Qxd2 Nxd2 30. Rxa7 Rxa7 31. Nxa7 Nxb3 32. Nc8 b5 33. Ne7+ Kf8 34. Nxd5 Nec5 35. Ba3 Kg8 36. Nc7 Ne4 37. Bb4 h4 38. gxh4 Nc1 39. f3 Nd3 40. fxe4 Nxb4 41. Nxb5 Kh7 42. Nd6 f6 43. Nc4 Nd3 44. Kg2 Kg6 45. Kg3 Kh5 46. Nd6 Nc5 47. h3 g6 48. Kh2 Kxh4 49. Kg2 g5 50. Nf5+ Kh5 51. Kf3 Nd3 52. Ne7 Ne5+ 53. Kg3 Nd3 54. Nd5 Kg6 55. Ne7+ Kh5 56. Nc6 Kg6 57. Kf3 Kh5 58. Kg2 Kh4 59. Ne7 Ne1+ 60. Kf2 Nd3+ 61. Kg2 Ne1+ 62. Kf1 Nc2 63. Nf5+ Kxh3 64. Ke2 g4 65. Kd3 Nb4+ 66. Kc4 Nc2 67. Kd3 Ne1+ 68. Kd4 Nf3+ 69. Kd5 Kg2 70. Ke6 Ng5+ 71. Kxf6 Nxe4+ 72. Ke5 Kf3 73. Nh4+ Kxe3 74. Nf5+ Kf3 75. Nh4+ Ke3 76. Nf5+ Kd3 77. Kf4 Nf6 78. Nh6 g3 79. Kxg3 1/2-1/2


[Site "https://www.chess.com"]

[Event "Titled Tuesday Blitz January 10 Early 2023"]
[White "Andreev, Eduard"]
[Black "Lewtak, Damian"]
[WhiteFideId "14103400"]
[BlackFideId "1141724"]
[WhiteElo "2413"]
[BlackElo "2381"]
[Result "1-0"]
[Round "07"]
[TimeControl "180+2"]
[Date "2023.01.10"]
[WhiteClock "0:00:08"]
[BlackClock "0:00:10"]

1. e4 c5 2. Nf3 e6 3. d4 cxd4 4. Nxd4 Nf6 5. Nc3 Nc6 6. Ndb5 Bc5 7. Bf4 O-O 8. Bc7 Qe7 9. Bd6 Bxd6 10. Qxd6 a6 11. Qxe7 Nxe7 12. Nd6 Ne8 13. Nxe8 Rxe8 14. O-O-O b5 15. g3 Nc6 16. Rd6 Kf8 17. Bg2 Rb8 18. Rhd1 Ke7 19. f4 f6 20. e5 Rb6 21. a4 b4 22. a5 Rb7 23. Na4 fxe5 24. fxe5 Rb5 25. Bxc6 dxc6 26. Nb6 Rxe5 27. Rxc6 Rxa5 28. Rxc8 Rxc8 29. Nxc8+ Kf6 30. Nd6 h5 31. Nc4 Rf5 32. Ne3 Re5 33. Kd2 a5 34. Kd3 Kg6 35. Kd4 Rb5 36. b3 Kg5 37. Ke4 Kf6 38. Rd4 g5 39. Rd7 Rc5 40. Rh7 Re5+ 41. Kd3 Kg6 42. Ra7 h4 43. Kd4 Rb5 44. Nc4 Rd5+ 45. Ke3 Rd1 46. Rxa5 Rh1 47. gxh4 gxh4 48. Ne5+ Kh5 49. Nf3+ Kg4 50. Rg5+ Kh3 51. Kf4 e5+ 52. Kxe5 Re1+ 53. Kd5 Rc1 54. Nd4 Rh1 55. Kc4 Rxh2 56. Kxb4 Rg2 57. Rh5 Rg4 58. Kc3 Kg3 59. Ne2+ Kf2 60. Nd4 h3 61. Rxh3 Re4 62. Rd3 Re7 63. b4 Rc7+ 64. Kb3 Ke1 65. b5 Rb7 66. Kb4 Rc7 67. c4 Rc8 68. c5 Rd8 69. c6 Rc8 70. Kc5 Rb8 71. b6 Ra8 72. c7 Ra3 73. Rxa3 Kd2 74. c8=Q Kc1 75. b7 Kb1 76. b8=Q+ Kc1 77. Ra1+ Kd2 78. Qb2+ Kd3 79. Qf5+ Ke3 80. Qe2# 1-0


[Site "https://www.chess.com"]

[Event "Titled Tuesday Blitz January 10 Early 2023"]
[White "Ordekalog"]
[Black "Gaitan, Juan Manuel"]
[BlackFideId "121657"]
[WhiteElo "2635"]
[BlackElo "2328"]
[Result "1-0"]
[Round "07"]
[TimeControl "180+2"]
[Date "2023.01.10"]
[WhiteClock "0:00:02"]
[BlackClock "0:00:14"]

1. e4 e5 2. Nf3 Nf6 3. d3 Nc6 4. Be2 h6 5. O-O g6 6. c3 Bg7 7. Nbd2 O-O 8. d4 exd4 9. cxd4 d5 10. e5 Ne4 11. Bd3 Bf5 12. Qe2 Nxd2 13. Bxd2 Bg4 14. Bc3 Qd7 15. h3 Bf5 16. b4 Bxd3 17. Qxd3 a6 18. a4 Nd8 19. b5 Ne6 20. Bd2 Kh7 21. Rfc1 axb5 22. axb5 f6 23. exf6 Bxf6 24. Rxa8 Rxa8 25. Re1 Qd6 26. Qe3 Ng5 27. Ne5 Ra3 28. Qf4 Bg7 29. Qg4 Ne4 30. Bf4 h5 31. Qc8 Qb4 32. Rc1 Qxd4 33. Rf1 Nxf2 34. Rxf2 Ra1+ 35. Kh2 Qxf2 36. Nf3 Qb2 37. Ng5+ Kh6 38. Qg8 Rh1+ 39. Kxh1 Qc1+ 40. Bxc1 1-0


[Site "https://www.chess.com"]

[Event "Titled Tuesday Blitz January 10 Early 2023"]
[White "Volkov, Maksim"]
[Black "Khamdamova, Afruza"]
[WhiteFideId "54123070"]
[BlackFideId "14210444"]
[WhiteElo "2258"]
[BlackElo "2162"]
[Result "1-0"]
[Round "07"]
[TimeControl "180+2"]
[Date "2023.01.10"]
[WhiteClock "0:00:03"]
[BlackClock "0:00:02"]

1. d4 Nf6 2. c4 e6 3. g3 d5 4. Nf3 dxc4 5. Bg2 c5 6. O-O Nc6 7. dxc5 Qxd1 8. Rxd1 Bxc5 9. Nbd2 c3 10. bxc3 O-O 11. Ne1 Bd7 12. Nd3 Be7 13. Rb1 Rab8 14. c4 Rfd8 15. Nb3 b6 16. Bb2 Rbc8 17. Rbc1 Ne8 18. c5 b5 19. Ne5 Nxe5 20. Bxe5 f6 21. Bb2 Bc6 22. Rxd8 Bxd8 23. Bxc6 Rxc6 24. Nd4 Ra6 25. Nxb5 Rxa2 26. Bd4 Nc7 27. Nc3 Rd2 28. Be3 Rb2 29. Kf1 Kf7 30. Rd1 Ke8 31. Ne4 Nd5 32. Bd4 Ra2 33. c6 Bc7 34. Nc5 Kf7 35. Rb1 Rd2 36. Be3 Nxe3+ 37. fxe3 Rc2 38. Rb7 Rxc5 39. Rxc7+ Kg6 40. Kf2 a5 41. g4 e5 42. h4 h6 43. Kf3 a4 44. Ke4 a3 45. h5+ Kh7 46. Ra7 Rxc6 47. Rxa3 Rc1 48. Ra2 Rf1 49. Ra7 Rf2 50. Ra2 Rg2 51. Kf3 Rg1 52. Rd2 Rf1+ 53. Kg2 Re1 54. Kf2 Ra1 55. Rd7 Ra4 56. Kf3 Kg8 57. Rc7 Rb4 58. Ra7 Rc4 59. Kg3 Rb4 60. Rd7 Rc4 61. Kf3 Rb4 62. Rd8+ Kf7 63. Rd1 Ra4 64. Rf1 Ra3 65. Rb1 Ra4 66. Rb7+ Kg8 67. Rc7 Ra3 68. Ke4 Rb3 69. Kf5 Rxe3 70. Kg6 Kf8 71. Rf7+ Ke8 72. Kxg7 Rxe2 73. Rxf6 Rg2 74. Rg6 Kd7 75. Kxh6 e4 76. g5 e3 77. Rg7+ Kd6 78. Rg8 Kd7 79. Rg7+ Kd6 80. Rg6+ Kd5 81. Rg8 Rg4 82. Re8 Re4 83. Rd8+ Ke5 84. Rd1 e2 85. Re1 Kf4 86. g6 Re6 87. Kh7 Re5 88. h6 Kg5 89. g7 Re7 90. Kh8 Kxh6 91. g8=Q 1-0


[Site "https://www.chess.com"]

[Event "Titled Tuesday Blitz January 10 Early 2023"]
[White "Krienke, Makaio"]
[Black "Korchmar, Vasiliy"]
[WhiteFideId "2038854"]
[BlackFideId "24131750"]
[WhiteElo "2115"]
[BlackElo "2438"]
[Result "1-0"]
[Round "07"]
[TimeControl "180+2"]
[Date "2023.01.10"]
[WhiteClock "0:00:16"]
[BlackClock "0:00:09"]

1. e4 c5 2. Nf3 d6 3. d4 cxd4 4. Nxd4 Nf6 5. Nc3 Nc6 6. Bg5 g6 7. Qd2 Bg7 8. Nb3 h6 9. Be3 Ng4 10. Bf4 g5 11. Bg3 a5 12. f3 Nge5 13. Bf2 a4 14. Nd4 a3 15. b3 O-O 16. Be2 Qa5 17. O-O Bd7 18. Rad1 Nb4 19. Kh1 Rfc8 20. Be1 Nec6 21. Nxc6 bxc6 22. Bc4 Qe5 23. h3 Qxc3 24. Qxc3 Bxc3 25. Bxc3 Nxa2 26. Bd2 c5 27. c3 Be6 28. Ra1 Bxc4 29. bxc4 Nxc3 30. Bxc3 Rcb8 31. Rfb1 Rxb1+ 32. Rxb1 a2 33. Ra1 Ra4 34. Bd2 Kg7 35. Kg1 Kf6 36. Kf1 Ke5 37. Bc3+ Kf4 38. Kf2 g4 39. g3+ Kg5 40. hxg4 Kg6 41. Ke3 Rxc4 42. Kd3 Ra4 43. Kc2 e6 44. Kb3 Ra7 45. Rxa2 c4+ 46. Kb2 Rb7+ 47. Kc2 d5 48. exd5 exd5 49. Ra5 Rd7 50. Bd4 f5 51. Ra6+ Kg5 52. Be3+ f4 53. Bxf4# 1-0


[Site "https://www.chess.com"]

[Event "Titled Tuesday Blitz January 10 Early 2023"]
[White "Tologon tegin, Semetei"]
[Black "Kuznetsova, Olga"]
[WhiteFideId "13800574"]
[BlackFideId "4191323"]
[WhiteElo "2372"]
[BlackElo "2142"]
[Result "1-0"]
[Round "07"]
[TimeControl "180+2"]
[Date "2023.01.10"]
[WhiteClock "0:00:44"]
[BlackClock "0:00:20"]

1. e4 e5 2. Nc3 Bc5 3. Nge2 d6 4. g3 Nf6 5. Bg2 O-O 6. O-O a5 7. a4 c6 8. d3 Nbd7 9. h3 Re8 10. Kh2 Nf8 11. f4 Ng6 12. f5 Nf8 13. g4 Bb6 14. Ng3 Bc7 15. g5 N6d7 16. h4 f6 17. Rg1 Nb6 18. Nh5 g6 19. Nxf6+ Kh8 20. Nxe8 Qxe8 21. f6 Be6 22. Qf3 Qf7 23. Ne2 d5 24. Ng3 Rd8 25. b3 Nc8 26. Be3 Nd6 27. Bf1 Nd7 28. Be2 b6 29. Kg2 Nc5 30. Rh1 dxe4 31. dxe4 Kg8 32. Bxc5 bxc5 33. h5 c4 34. hxg6 Qxg6 35. Qe3 Nf7 36. Bh5 Bb6 37. Qc1 1-0


[Site "https://www.chess.com"]

[Event "Titled Tuesday Blitz January 10 Early 2023"]
[White "Ibadov, Dashgyn"]
[Black "Khumalo, Keith"]
[WhiteFideId "24107514"]
[BlackFideId "14319470"]
[WhiteElo "2391"]
[BlackElo "2099"]
[Result "1-0"]
[Round "07"]
[TimeControl "180+2"]
[Date "2023.01.10"]
[WhiteClock "0:00:29"]
[BlackClock "0:01:26"]

1. d4 Nf6 2. c4 g6 3. Nc3 Bg7 4. e4 d6 5. Nf3 O-O 6. Be2 Na6 7. O-O e5 8. d5 Nc5 9. Qc2 a5 10. Be3 Ne8 11. Nd2 f5 12. f3 Bd7 13. b3 Nf6 14. a3 fxe4 15. Ndxe4 Ncxe4 16. Nxe4 Nxe4 17. fxe4 b6 18. b4 axb4 19. axb4 Rxf1+ 20. Rxf1 Qh4 21. c5 bxc5 22. bxc5 Bh6 23. Bf2 Qg5 24. cxd6 cxd6 25. Bf3 Rf8 26. Qc7 Rxf3 27. Qxd7 Rxf2 28. Qe6+ Kg7 29. Qd7+ Kg8 30. Qe6+ Kh8 31. Qc8+ Kg7 32. Rxf2 Qc1+ 33. Qxc1 Bxc1 34. Rc2 Ba3 35. Rc7+ Kf6 36. Rxh7 Bc5+ 37. Kf1 Kg5 38. g3 Kg4 39. Kg2 Kg5 40. Kf3 Kf6 41. h4 Ba3 42. Kg4 1-0


[Site "https://www.chess.com"]

[Event "Titled Tuesday Blitz January 10 Early 2023"]
[White "Djokovic, Nebojsa"]
[Black "Sihite, Chelsie Monica Ignesias"]
[WhiteFideId "938300"]
[BlackFideId "7101198"]
[WhiteElo "2119"]
[BlackElo "2266"]
[Result "0-1"]
[Round "07"]
[TimeControl "180+2"]
[Date "2023.01.10"]
[WhiteClock "0:00:09"]
[BlackClock "0:00:33"]

1. e4 e5 2. Nf3 Nc6 3. Bb5 a6 4. Ba4 Nf6 5. O-O b5 6. Bb3 Bc5 7. Nc3 O-O 8. d3 h6 9. a3 d6 10. h3 Nd4 11. Nxd4 Bxd4 12. Qf3 Bxc3 13. bxc3 Be6 14. Qe2 Re8 15. f4 Bxb3 16. cxb3 d5 17. fxe5 Rxe5 18. Bf4 Re6 19. e5 d4 20. c4 Rb8 21. Bh2 bxc4 22. bxc4 Nd7 23. Qf3 Qe7 24. Rae1 Rb2 25. Qa8+ Kh7 26. Qe4+ Rg6 27. Re2 Nc5 28. Qf3 Rxe2 29. Qxe2 f6 30. e6 Qxe6 31. Qxe6 Nxe6 32. Rb1 f5 33. Rb7 f4 34. Kf2 Rf6 35. Kf3 Rf7 36. Bg1 Nc5 37. Ra7 Nxd3 38. Bxd4 Ne1+ 39. Kf2 Nc2 40. Be5 Nxa3 41. c5 Nc4 42. Bxc7 Ne5 43. Ke2 Nc6 44. Kd3 Nxa7 45. Bb6 Nc6 46. Kc4 f3 47. gxf3 Rxf3 48. Kd5 Rf6 49. Bc7 Nb4+ 50. Kc4 Rc6 51. Bd6 a5 52. Kb5 Ra6 53. Be5 Ra8 54. c6 Nxc6 55. Kxc6 a4 56. Kb5 a3 57. Ba1 a2 58. Kb4 g5 59. Kb3 Kg6 60. Kc2 Kf5 61. Kd2 h5 62. Ke2 g4 63. hxg4+ hxg4 64. Kf2 Ke4 65. Kg3 Kd3 66. Kxg4 Kc2 67. Kf3 Kb1 68. Bf6 a1=Q 69. Bxa1 Kxa1 0-1


[Site "https://www.chess.com"]

[Event "Titled Tuesday Blitz January 10 Early 2023"]
[White "Kobalia, Mikhail"]
[Black "Estrada Nieto, Julian"]
[WhiteFideId "4119150"]
[BlackFideId "5101018"]
[WhiteElo "2578"]
[BlackElo "2215"]
[Result "1-0"]
[Round "07"]
[TimeControl "180+2"]
[Date "2023.01.10"]
[WhiteClock "0:00:13"]
[BlackClock "0:00:02"]

1. e4 e5 2. Nf3 Nc6 3. g3 Nf6 4. d3 d5 5. exd5 Nxd5 6. Bg2 Bc5 7. O-O O-O 8. Re1 Bg4 9. h3 Bh5 10. Nbd2 f5 11. Nc4 e4 12. dxe4 fxe4 13. Rxe4 Ndb4 14. Bf4 Qxd1+ 15. Rxd1 Bxf3 16. Bxf3 g5 17. c3 gxf4 18. cxb4 fxg3 19. bxc5 Rxf3 20. Rg4+ Kf8 21. Rxg3 Rf5 22. Rd7 Re8 23. Ne3 Rxc5 24. Rxh7 Ne5 25. Kg2 Nf7 26. Rf3 Re7 27. Nf5 Rd7 28. Nh6 Rg5+ 29. Kh2 Rg7 30. Rh8+ Ke7 31. Nf5+ Kf6 32. Nxg7+ Kxg7 33. Rb8 c5 34. Ra3 a6 35. Rb3 Nd6 36. Rd3 Kf7 37. Rh8 Ke6 38. Rh6+ Ke5 39. Rd1 c4 40. h4 b5 41. a3 a5 42. Rh5+ Ke4 43. Rxb5 Nxb5 44. Rxd7 Nd4 45. h5 Nf3+ 46. Kg3 Ne5 47. Rc7 Kf5 48. Rc5 1-0


[Site "https://www.chess.com"]

[Event "Titled Tuesday Blitz January 10 Early 2023"]
[White "Ozen, Bahadir"]
[Black "Mayank Chakraborty"]
[WhiteFideId "6337058"]
[BlackFideId "25659766"]
[WhiteElo "2369"]
[BlackElo "2025"]
[Result "1-0"]
[Round "07"]
[TimeControl "180+2"]
[Date "2023.01.10"]
[WhiteClock "0:00:14"]
[BlackClock "0:00:01"]

1. g3 Nf6 2. Bg2 d5 3. Nf3 Bf5 4. d3 e6 5. Nh4 Bg4 6. h3 Bh5 7. O-O Nbd7 8. Qe1 Be7 9. f4 h6 10. e4 dxe4 11. dxe4 g5 12. fxg5 hxg5 13. Bxg5 Ne5 14. Qf2 Nfd7 15. Bxe7 Qxe7 16. Nc3 a6 17. Rae1 O-O-O 18. Qa7 Rdg8 19. Qf2 Rh7 20. b3 Rhg7 21. Re3 Qc5 22. Kh2 Rh8 23. Ne2 Bxe2 24. Rxe2 Qe7 25. Re3 Kb8 26. a4 Rgh7 27. Kg1 Qg5 28. Qf4 Qg7 29. Kh1 Rh5 30. Rc3 f6 31. Kh2 R5h6 32. Rf2 Nf8 33. Kg1 Nh7 34. Rd2 Ng5 35. Kf1 Rf8 36. Ke1 f5 37. exf5 exf5 38. Kd1 Ne6 39. Qe3 f4 40. Qe4 1-0


[Site "https://www.chess.com"]

[Event "Titled Tuesday Blitz January 10 Early 2023"]
[White "Kukhmazov, Arsen"]
[Black "Tomaszewski, Kacper"]
[WhiteFideId "24108260"]
[BlackFideId "1127373"]
[WhiteElo "2512"]
[BlackElo "2313"]
[Result "1-0"]
[Round "07"]
[TimeControl "180+2"]
[Date "2023.01.10"]
[WhiteClock "0:02:23"]
[BlackClock "0:01:20"]

1. d4 Nf6 2. c4 g6 3. g3 Bg7 4. Bg2 d5 5. cxd5 Nxd5 6. Nf3 O-O 7. O-O c5 8. dxc5 Na6 9. e4 Nf6 10. e5 Nd7 11. e6 fxe6 12. Qe2 Ndxc5 13. Rd1 Qb6 14. Nc3 e5 15. Be3 Bg4 16. h3 Bxf3 17. Bxf3 e4 18. Nxe4 Qxb2 19. Nxc5 Rxf3 20. Qxf3 Nxc5 21. Bxc5 Rf8 22. Qd5+ Kh8 23. Bd4 1-0


[Site "https://www.chess.com"]

[Event "Titled Tuesday Blitz January 10 Early 2023"]
[White "Pein, Jonathan"]
[Black "Nigmatov, Ortik"]
[WhiteFideId "417092"]
[BlackFideId "14202131"]
[WhiteElo "2265"]
[BlackElo "2438"]
[Result "1-0"]
[Round "07"]
[TimeControl "180+2"]
[Date "2023.01.10"]
[WhiteClock "0:00:10"]
[BlackClock "0:00:02"]

1. e4 c5 2. g3 d5 3. exd5 Qxd5 4. Nf3 Bg4 5. Bg2 Qe6+ 6. Kf1 Nc6 7. h3 Bh5 8. d3 Nf6 9. Na3 Qd7 10. Nc4 e6 11. g4 Bg6 12. Nfe5 Nxe5 13. Nxe5 Qc7 14. Bf4 Bd6 15. Nxg6 hxg6 16. Bxd6 Qxd6 17. Bxb7 Rb8 18. Qf3 O-O 19. b3 Nd7 20. Re1 Qc7 21. Ba6 Qa5 22. Bc4 Qxa2 23. Qe2 Nb6 24. Kg2 Nxc4 25. dxc4 Qb2 26. h4 Rfd8 27. h5 gxh5 28. Rxh5 g6 29. Rh3 Rb6 30. Reh1 Rbd6 31. Qe3 Qg7 32. Qxc5 Rd4 33. Qg5 R8d7 34. Rh6 f5 35. gxf5 exf5 36. Rxg6 Qxg6 37. Qxg6+ Rg7 38. Qxg7+ Kxg7 39. Ra1 Rd2 40. Rxa7+ Kf6 41. Rb7 Rxc2 42. Kf3 Kg5 43. Rg7+ Kf6 44. Rb7 Ke5 45. Rb5+ Kf6 46. Rd5 Kg5 47. Rd3 Kf6 48. Ke3 Ke5 49. f4+ Ke6 50. Kd4 Rf2 51. Re3+ Kd6 52. Kc3 Rxf4 53. b4 Rg4 54. c5+ Kd5 55. Rd3+ Kc6 56. Rd6+ Kc7 57. Rf6 f4 58. Kc4 f3+ 59. Kb5 Rg3 60. Rf7+ Kd8 61. Kb6 Ke8 62. Rf4 Rg4 63. Rxg4 f2 64. Re4+ Kd7 65. Rf4 Kc8 66. Rxf2 1-0


[Site "https://www.chess.com"]

[Event "Titled Tuesday Blitz January 10 Early 2023"]
[White "Nguyen Hong Nhung"]
[Black "Santos Ruiz, Miguel"]
[WhiteFideId "12412201"]
[BlackFideId "22291482"]
[WhiteElo "2003"]
[BlackElo "2590"]
[Result "0-1"]
[Round "07"]
[TimeControl "180+2"]
[Date "2023.01.10"]
[WhiteClock "0:00:15"]
[BlackClock "0:00:35"]

1. e4 e5 2. Nf3 d6 3. d4 Nf6 4. dxe5 Nxe4 5. exd6 Bxd6 6. Bd3 Nc5 7. O-O Nxd3 8. Qxd3 Nc6 9. Nc3 O-O 10. Ng5 g6 11. Nge4 Bf5 12. Re1 Re8 13. a3 a6 14. Bd2 Qh4 15. g3 Qd8 16. f4 Bc5+ 17. Kg2 Qxd3 18. cxd3 Bd4 19. Nd5 Rec8 20. Bc3 Kg7 21. Rac1 Be6 22. Ne7 Bxc3 23. Nxc6 Bxe1 24. Nd4 Ba5 25. Nxe6+ fxe6 26. b4 Bb6 27. Nc3 Rd8 28. Rd1 Rd4 29. Ne4 Rad8 30. Nf2 Kf6 31. Kf3 h5 32. h3 R4d7 33. Ne4+ Ke7 34. Ke2 a5 35. bxa5 Bxa5 36. Nc5 Bb6 37. Nxd7 Rxd7 38. g4 hxg4 39. hxg4 Rd4 40. Kf3 Ra4 41. f5 gxf5 42. gxf5 exf5 43. Re1+ Kd6 44. Rb1 Rxa3 45. Kf4 Rxd3 46. Kxf5 Rd5+ 47. Ke4 Rc5 48. Rd1+ Kc6 49. Kf4 Ba5 50. Rb1 b6 51. Ke4 Kb7 52. Kd4 Rc3 53. Rb5 c5+ 54. Kd5 Rd3+ 55. Ke4 Rd4+ 56. Ke5 Kc6 57. Rb1 b5 58. Rh1 Bb4 59. Rh6+ Kb7 60. Rh7+ Kb6 61. Rh6+ Ka5 62. Rh8 Ka4 63. Ra8+ Kb3 64. Rb8 Kc4 65. Kf5 Bc3 66. Re8 b4 67. Re2 b3 68. Ke6 b2 69. Rh2 b1=Q 70. Rh5 Qe4+ 71. Kf7 Rd7+ 72. Kf8 Qe7+ 73. Kg8 Qe8# 0-1


[Site "https://www.chess.com"]

[Event "Titled Tuesday Blitz January 10 Early 2023"]
[White "Zahid, Sanatan"]
[Black "Shuvalov, Evgenij"]
[WhiteFideId "10201963"]
[BlackFideId "4187237"]
[WhiteElo "1930"]
[BlackElo "2038"]
[Result "1-0"]
[Round "07"]
[TimeControl "180+2"]
[Date "2023.01.10"]
[WhiteClock "0:01:13"]
[BlackClock "0:00:04"]

1. Nc3 e6 2. d4 Nf6 3. Bf4 a6 4. e4 d5 5. e5 Nfd7 6. Nce2 c5 7. c3 Nc6 8. Nf3 b5 9. g3 b4 10. h4 a5 11. Bh3 Ba6 12. O-O Nb6 13. Re1 Nc4 14. Bc1 Rb8 15. Nf4 Be7 16. Ng5 Bxg5 17. hxg5 bxc3 18. bxc3 cxd4 19. cxd4 Qb6 20. Bxe6 fxe6 21. Nxe6 Kf7 22. g6+ hxg6 23. Ng5+ Ke7 24. Qf3 Nd8 25. e6 Qxd4 26. Nf7 Nxe6 27. Bg5+ Kd7 28. Rad1 Nxg5 29. Nxg5 Qf6 30. Rxd5+ Kc7 31. Ne6+ Kb6 32. Rb1+ Ka7 33. Rd7+ 1-0


[Site "https://www.chess.com"]

[Event "Titled Tuesday Blitz January 10 Early 2023"]
[White "Domingo Nunez, Ruben"]
[Black "Ansh M Shah"]
[WhiteFideId "22245570"]
[BlackFideId "25033379"]
[WhiteElo "2416"]
[BlackElo "2171"]
[Result "1-0"]
[Round "07"]
[TimeControl "180+2"]
[Date "2023.01.10"]
[WhiteClock "0:01:01"]
[BlackClock "0:00:13"]

1. e4 c6 2. Nf3 d5 3. Nc3 dxe4 4. Nxe4 Nf6 5. Nxf6+ exf6 6. h3 Bd6 7. d4 O-O 8. Be2 Bf5 9. O-O Nd7 10. Re1 Bg6 11. c4 Re8 12. Be3 Qc7 13. Qb3 Rab8 14. Rad1 Bf4 15. Bf1 Bxe3 16. fxe3 c5 17. d5 Qd6 18. Bd3 Ne5 19. Nxe5 fxe5 20. e4 b6 21. Rf1 f6 22. Rd2 Kh8 23. Qc3 Rf8 24. a3 Rf7 25. b4 Rbf8 26. Rdf2 h6 27. b5 Bh7 28. a4 Qd7 29. Qc2 g6 30. Qd2 Kg7 31. Qc3 Qd6 32. Qc2 Qd7 33. Qb2 Qd6 34. Qb1 Qd7 35. Qa1 Qd6 36. g4 Qd7 37. a5 h5 38. Be2 hxg4 39. Bxg4 Qd6 40. Be6 Re7 41. axb6 axb6 42. Qa3 Bg8 43. Bxg8 Kxg8 44. Qg3 Rg7 45. Ra2 f5 46. Kh2 f4 47. Qg5 Qf6 48. Qg4 g5 49. Rg2 f3 50. Rg3 Qf4 51. Rxf3 Qd2+ 52. Rg2 Qd4 53. Qe6+ Rff7 54. Qe8+ Kh7 55. Rxf7 Qxe4 56. Rxg7+ Kxg7 57. Qe7+ Kh8 58. Qf6+ Kh7 59. Qxg5 1-0


[Site "https://www.chess.com"]

[Event "Titled Tuesday Blitz January 10 Early 2023"]
[White "Buchenau, Frank"]
[Black "Klukin, Kirill"]
[WhiteFideId "4604350"]
[BlackFideId "24199273"]
[WhiteElo "2222"]
[BlackElo "2390"]
[Result "0-1"]
[Round "07"]
[TimeControl "180+2"]
[Date "2023.01.10"]
[WhiteClock "0:00:12"]
[BlackClock "0:00:14"]

1. e4 g6 2. d4 Bg7 3. Nc3 e6 4. Nf3 Ne7 5. Bd3 b6 6. O-O Bb7 7. Re1 d6 8. Ne2 Nd7 9. Ng3 h6 10. c3 c5 11. h3 Qc7 12. Bd2 O-O 13. Qe2 Nc6 14. Be3 Rac8 15. Qd2 Kh7 16. b4 cxd4 17. cxd4 e5 18. Rac1 Qd8 19. Bb1 exd4 20. Nxd4 Nde5 21. f4 Nxd4 22. Bxd4 Nc4 23. Qf2 Bxd4 24. Qxd4 d5 25. e5 Qh4 26. Kh2 Rfe8 27. Rcd1 Na3 28. Bd3 Nc2 29. Bxc2 Rxc2 30. Rd2 Rc4 31. Qd3 Rxf4 32. Rc2 Re7 33. Rec1 d4 34. Rc7 Rf2 35. Rxb7 Rxb7 36. Qxd4 Qxd4 0-1


[Site "https://www.chess.com"]

[Event "Titled Tuesday Blitz January 10 Early 2023"]
[White "Vagman, Roy"]
[Black "Csonka, Balazs"]
[WhiteFideId "2828995"]
[BlackFideId "742910"]
[WhiteElo "2273"]
[BlackElo "2496"]
[Result "1-0"]
[Round "07"]
[TimeControl "180+2"]
[Date "2023.01.10"]
[WhiteClock "0:00:04"]
[BlackClock "0:00:02"]

1. c4 Nf6 2. g3 e5 3. Bg2 c6 4. Nf3 e4 5. Nd4 d5 6. cxd5 cxd5 7. O-O Qb6 8. e3 Nc6 9. Nxc6 bxc6 10. d4 Ba6 11. Re1 Bb4 12. Bd2 O-O 13. Bxb4 Qxb4 14. Qd2 Rfb8 15. Qxb4 Rxb4 16. b3 c5 17. dxc5 Rc8 18. Rc1 Nd7 19. Nc3 Rxc5 20. Na4 Rxc1+ 21. Rxc1 g6 22. Rc7 Rb7 23. Rc8+ Kg7 24. Rc1 Bb5 25. Nc5 Rb6 26. Bh3 Ne5 27. Bf1 Nf3+ 28. Kg2 Bxf1+ 29. Kxf1 Nxh2+ 30. Ke2 Ng4 31. Nd7 Rb7 32. Nc5 Rb6 33. Nd7 Rb7 34. Nc5 Re7 35. Rd1 Nf6 36. b4 h5 37. a4 g5 38. b5 Rc7 39. Rc1 Kg6 40. a5 Nd7 41. Nb3 Rxc1 42. Nxc1 h4 43. gxh4 gxh4 44. Kf1 Kf5 45. Kg2 Kg4 46. Nb3 h3+ 47. Kh2 Kf3 48. Kxh3 Kxf2 49. b6 axb6 50. a6 b5 51. Nd4 b4 52. Kg4 Kxe3 53. Nc6 Nb6 54. Nxb4 d4 55. a7 d3 56. Nd5+ Nxd5 57. a8=Q d2 58. Qxd5 Ke2 59. Qxe4+ Kf2 60. Qf4+ Ke2 61. Qf3+ Ke1 62. Kg3 d1=Q 63. Qf2# 1-0


[Site "https://www.chess.com"]

[Event "Titled Tuesday Blitz January 10 Early 2023"]
[White "Begunov, Konstantin"]
[Black "Liyanage, Ranindu Dilshan"]
[WhiteFideId "4118510"]
[BlackFideId "9915834"]
[WhiteElo "2325"]
[BlackElo "2342"]
[Result "0-1"]
[Round "07"]
[TimeControl "180+2"]
[Date "2023.01.10"]
[WhiteClock "0:00:10"]
[BlackClock "0:00:48"]

1. d4 Nf6 2. c4 e6 3. Nf3 d5 4. Nc3 Bb4 5. Qa4+ Nc6 6. Ne5 Bd7 7. Nxc6 Bxc3+ 8. bxc3 Bxc6 9. Qb3 dxc4 10. Qxc4 Bd5 11. Qb4 c5 12. Qxc5 Rc8 13. Qb5+ Bc6 14. Qb2 Qa5 15. f3 e5 16. Bd2 O-O 17. e4 exd4 18. cxd4 Qh5 19. Be2 Rfe8 20. d5 Nxd5 21. exd5 Qxd5 22. Kf1 Ba4 23. Bc3 Re3 24. Rd1 Bxd1 25. Bxd1 Qxd1+ 26. Kf2 Qxh1 27. Kxe3 Qg1+ 28. Kf4 Qxh2+ 29. Ke3 Re8+ 30. Kf2 Qh4+ 31. Kg1 Qe7 32. Qd2 Rc8 33. Qd4 Qc5 0-1


[Site "https://www.chess.com"]

[Event "Titled Tuesday Blitz January 10 Early 2023"]
[White "Ortega Ruiz, Jose Miguel"]
[Black "Mirzoev, Azer"]
[WhiteFideId "2209713"]
[BlackFideId "13400304"]
[WhiteElo "2351"]
[BlackElo "2416"]
[Result "0-1"]
[Round "07"]
[TimeControl "180+2"]
[Date "2023.01.10"]
[WhiteClock "0:00:11"]
[BlackClock "0:00:24"]

1. c4 c5 2. Nf3 g6 3. g3 Bg7 4. Bg2 Nc6 5. O-O Nh6 6. Nc3 Nf5 7. d3 h5 8. h4 d6 9. e3 a6 10. Ng5 Bd7 11. Rb1 b5 12. cxb5 axb5 13. Qb3 O-O 14. Nxb5 Rb8 15. a4 Nb4 16. Bd2 Bxb5 17. axb5 Rxb5 18. Bd5 Qe8 19. Bc4 Rb8 20. Rfd1 e6 21. Bc3 d5 22. Bxg7 Kxg7 23. Qc3+ Kg8 24. Bb3 Qe7 25. e4 Nd4 26. Re1 Qf6 27. exd5 exd5 28. Bd1 Rfc8 29. Kg2 Kg7 30. Ra1 Rc7 31. Ra5 Qb6 32. Ra1 Kg8 33. g4 hxg4 34. Bxg4 Qf6 35. Ra5 Qf4 36. f3 Kg7 37. Rxc5 Rxc5 38. Qxc5 Nxd3 39. Qc3 Nxe1+ 40. Kf1 Nc2 41. Nh3 Qe3 42. Nf2 Qxc3 43. bxc3 Rb1+ 44. Kg2 Ne3+ 45. Kg3 Ndf5+ 46. Kf4 Ng2+ 47. Ke5 Re1+ 48. Kxd5 Ngxh4 49. c4 Ne3+ 50. Kd4 Nhf5+ 51. Kd3 Nxg4 52. fxg4 Ne7 53. Ne4 Rg1 54. g5 Rg4 55. Kd4 Nc6+ 56. Kd5 Nb4+ 57. Ke5 Nd3+ 58. Kd4 Nf2 59. Ke3 Nxe4 60. Kf3 Rh4 0-1


[Site "https://www.chess.com"]